 Dungeon Crawl Stone Soup version 0.28.0-43-g3370ac3207 (webtiles) character file.

Game seed: 12651176651777403374

2920 sking99 the Basher (level 9, -1/59 HPs)
             Began as a Gargoyle Fighter on Mar 12, 2022.
             Was a Believer of Okawaru.
             Slain by a wolf (7 damage)
             ... led by Grum
             ... on level 8 of the Dungeon.
             The game lasted 00:13:51 (6932 turns).

sking99 the Basher (Gargoyle Fighter)               Turns: 6932, Time: 00:13:51

Health: -1/59      AC: 32    Str: 24    XL:     9   Next: 79%
Magic:  11/11      EV:  6    Int:  9    God:    Okawaru [**....]
Gold:   213        SH:  9    Dex:  9    Spells: 8/8 levels left

rFire   . . .      SeeInvis .   q - +1 morningstar (protect)
rCold   + . .      Faith    .   c - +0 buckler
rNeg    + . .      Spirit   .   F - +0 plate armour
rPois   ∞          Reflect  +   r - +2 helmet
rElec   +          Harm     .   p - +0 cloak
rCorr   .          Rampage  .   y - +0 pair of gloves
Will    +....                   (no boots)
Stlth   ..........              h - amulet of reflection
HPRegen 0.19/turn               m - ring of willpower
MPRegen 0.12/turn               v - ring of protection from cold

@: under a protective aura
A: sickness immunity, AC +6, negative energy resistance 1, electricity
resistance, torment resistance 1, petrification resistance
a: Renounce Religion, Heroism


You were on level 8 of the Dungeon.
You worshipped Okawaru.
Okawaru was pleased with you.
You visited 2 branches of the dungeon, and saw 9 of its levels.

You collected 279 gold pieces.
You spent 66 gold pieces at shops.

Inventory:

Hand Weapons
 q - a +1 morningstar of protection (weapon)
Missiles
 l - 4 atropa-tipped darts (quivered)
 w - a throwing net
Armour
 c - a +0 buckler (worn)
 p - a +0 cloak (worn)
 r - a +2 helmet (worn)
 y - a +0 pair of gloves (worn)
 F - a +0 plate armour (worn)
Jewellery
 h - an amulet of reflection (around neck)
 m - a ring of willpower (left hand)
 s - a ring of see invisible
 v - a ring of protection from cold (right hand)
Wands
 D - a wand of flame (26)
Scrolls
 f - a scroll of holy word {unknown}
 g - 3 scrolls of teleportation
 n - a scroll of fog {unknown}
 o - a scroll of magic mapping {unknown}
 x - 3 scrolls of blinking {unknown}
 A - a scroll of immolation {unknown}
 B - a scroll of enchant weapon {unknown}
 C - a scroll of noise {unknown}
 E - 2 scrolls of amnesia {unknown}
Potions
 b - 9 potions of curing
 d - a potion of might
 e - a potion of mutation
 i - 4 potions of attraction
 j - a potion of flight
 t - a potion of ambrosia {unknown}
 u - a potion of brilliance {unknown}
 z - 3 potions of lignification


   Skills:
 + Level 7.8 Fighting
 * Level 9.4 Maces & Flails
 + Level 7.8 Armour
 - Level 3.2 Shields
 - Level 3.0 Invocations


You had 8 spell levels left.
You didn't know any spells.
Your spell library contained the following spells:

 Spells                   Type           Power      Damage    Failure   Level
 Blink                    Tloc           0%         N/A       100%        2
 Manifold Assault         Tloc           0%         N/A       100%        5
 Storm Form               Tmut/Air       0%         N/A       100%        7


Dungeon Overview and Level Annotations

Branches:
Dungeon (8/15)             Temple (1/1) D:4
   Lair: D:8-11

Altars:
Ashenzari
Cheibriados
Dithmenos
Elyvilon
Fedhas
Gozag
Kikubaaqudgha
Makhleb
Nemelex Xobeh
Okawaru
Qazlal
Sif Muna
Trog
Vehumet
Xom
Yredelemnul
Zin
The Shining One

Shops:
D:4 :   D:5 !

Annotations:
D:3 2 runed translucent doors


Innate Abilities, Weirdness & Mutations

You are immune to sickness and miasma.
Your stone body is resilient. (AC +6)
You are immune to poison.
You resist negative energy. (rN+)
You are resistant to electric shocks. (rElec)
You are resistant to unholy torment.
You are immune to petrification.


Message History

* * * LOW HITPOINT WARNING * * *
The wolf bites you but does no damage.
You impale the wolf!!
Your weapon exudes an aura of protection.
You kill the wolf!
Okawaru accepts your kill.
You barely miss the wolf. The wolf bites you but does no damage.
You block the wolf's attack.
You hit the wolf.
The wolf is lightly wounded.
You block the wolf's attack. The wolf bites you but does no damage.
You closely miss the wolf.
The wolf is lightly wounded.
The wolf bites you but does no damage. You block the wolf's attack.
You closely miss the wolf.
The wolf is lightly wounded.
The wolf bites you but does no damage. The wolf barely misses you.
You sock the wolf!
The wolf is heavily wounded.
You block the wolf's attack. The wolf bites you but does no damage.
You barely miss the wolf.
The wolf is moderately wounded.
The wolf barely misses you. x2
You closely miss the wolf.
The wolf is moderately wounded.
You block the wolf's attack.
You closely miss the wolf.
The wolf is moderately wounded.
The wolf bites you but does no damage. The wolf closely misses you.
You barely miss the wolf.
The wolf is moderately wounded.
You block the wolf's attack. The wolf bites you but does no damage.
You miss the wolf.
The wolf is moderately wounded.
You block the wolf's attack. The wolf bites you but does no damage.
You sock the wolf!
Your weapon exudes an aura of protection.
The wolf is almost dead.
The wolf bites you!
You die...

#. . ###. ... ..#
#.# #h# #@# ####.#
#....# ##.####.#
..#######..#....#
..................
.#####....#######
###..#.## #<.....#


You could see a wolf.

Vanquished Creatures
  Sigmund (D:3)
  Grum (D:8)
  2 water moccasins
  2 black bears (D:4)
  2 sky beasts
  2 centaurs (D:6)
  2 wolves (D:8)
  A phantom (D:5)
  Blork the orc (D:5)
  2 bullfrogs
  A wyvern zombie (D:7)
  3 gnoll sergeants
  A water moccasin zombie (D:5)
  2 wyvern skeletons
  A water moccasin skeleton (D:5)
  3 killer bees (D:7)
  5 hounds
  2 bullfrog skeletons
  2 orc priests
  Crazy Yiuf (D:3)
  An iguana (D:5)
  2 jellies
  A centaur skeleton (D:7)
  Terence (D:3)
  4 orc wizards
  20 gnolls
  3 adders
  5 worms
  4 dart slugs (D:1)
  20 orcs
  4 endoplasms
  6 giant cockroaches
  9 goblins
  4 hobgoblins
  2 jackals (D:1)
  5 kobolds
  4 quokkas
  5 ball pythons
  3 bats
  4 frilled lizards
  2 rats
146 creatures vanquished.

Vanquished Creatures (others)
  5 toadstools (D:1)
5 creatures vanquished.

Grand Total: 151 creatures vanquished

Notes
Turn   | Place    | Note
-------+----------+-------------------------------------------
     0 | D:1      | sking99 the Gargoyle Fighter began the quest for the Orb.
     0 | D:1      | Reached XP level 1. HP: 14/14 MP: 1/1
   106 | D:1      | Reached XP level 2. HP: 19/19 MP: 2/2
   403 | D:1      | Reached XP level 3. HP: 23/23 MP: 3/3
   642 | D:1      | Reached skill level 3 in Maces & Flails
   642 | D:1      | Found a faded altar of an unknown god.
   991 | D:2      | Reached XP level 4. HP: 29/29 MP: 4/4
  1630 | D:3      | Noticed Terence
  1639 | D:3      | Killed Terence
  1669 | D:3      | Noticed Sigmund
  1678 | D:3      | Killed Sigmund
  1679 | D:3      | Reached skill level 4 in Maces & Flails
  1679 | D:3      | Reached XP level 5. HP: 33/34 MP: 5/5
  1679 | D:3      | Reached XP level 6. HP: 37/39 MP: 6/6
  1917 | D:3      | Noticed a water moccasin
  1929 | D:3      | Killed a water moccasin
  1930 | D:3      | Reached skill level 5 in Maces & Flails
  2076 | D:3      | Reached skill level 5 in Fighting
  2155 | D:3      | Found a large runed translucent door.
  2156 | D:3      | Found a large runed translucent door.
  2372 | D:3      | Found a runed translucent door.
  2373 | D:3      | Noticed Crazy Yiuf
  2383 | D:3      | Killed Crazy Yiuf
  2384 | D:3      | Reached skill level 5 in Armour
  2585 | D:4      | Noticed a black bear
  2606 | D:4      | Killed a black bear
  2607 | D:4      | Reached XP level 7. HP: 34/44 MP: 7/7
  2922 | D:4      | Found a staircase to the Ecumenical Temple.
  2968 | Temple   | Entered the Ecumenical Temple
  3173 | Temple   | Became a worshipper of Warmaster Okawaru
  3230 | D:4      | Found Reppech's Book Boutique.
  3444 | D:4      | Reached skill level 6 in Maces & Flails
  3520 | D:5      | Entered Level 5 of the Dungeon
  3624 | D:5      | Reached skill level 1 in Invocations
  3795 | D:5      | Noticed Blork the orc
  3807 | D:5      | Killed Blork the orc
  3808 | D:5      | Reached XP level 8. HP: 43/51 MP: 7/9
  4303 | D:5      | Found Cefu's Distillery.
  4313 | D:5      | Reached * piety under Okawaru
  4314 | D:5      | Reached skill level 7 in Maces & Flails
  4604 | D:5      | Bought 2 potions of curing for 66 gold pieces
  4880 | D:5      | Found a burning altar of Makhleb.
  5542 | D:6      | Reached XP level 9. HP: 16/56 MP: 9/11
  5785 | D:6      | Reached skill level 8 in Maces & Flails
  6281 | D:7      | Reached ** piety under Okawaru
  6782 | D:7      | Reached skill level 9 in Maces & Flails
  6901 | D:8      | Noticed Grum
  6916 | D:8      | Killed Grum
  6932 | D:8      | Slain by a wolf

Illustrated notes

Levels and vault maps discovered:
D:1:      ldierk_walled_garden, layout_basic, basic_ecumenical_altar
D:2:      layout_loops_cross
D:3:      layout_loops_cross, jmf_multi_god_temple2, minmay_starry_boxes,
          uniq_sigmund, uniq_terence, uniq_crazy_yiuf_cottage
D:4:      layout_rooms, temple_doors_e, serial_shops, shop
D:5:      layout_cave_pods, lemuel_round_altar, serial_shops, shop_fountains,
          serial_column_ruins, column_ruins_hut, column_ruins_columns_corner,
          column_ruins_corridor_straight, column_ruins_open_small,
          column_ruins_open_medium, column_ruins_open_large,
          column_ruins_open_small, column_ruins_grid_1, uniq_blork_the_orc
D:6:      layout_rooms
D:7:      layout_basic
D:8:      layout_rooms, jmf_multi_god_temple, serial_bayou_ford_a, uniq_grum,
          uniq_maurice
Temple:   minmay_crystal_spiral_temple

Skill      XL: |  1  2  3  4  5  6  7  8  9 |
---------------+----------------------------+-----
Maces & Flails | 3 4 5 6 7 9 |  9.4
Fighting       | 4 5 6 7 |  7.8
Armour         | 4 5 6 7 |  7.8
Invocations    | 1 3 |  3.0
Shields        | |  3.2

Action                   |  1- 3 |  4- 6 |  7- 9 || total
-------------------------+-------+-------+-------++-------
Melee: Flail             |   102 |   124 |   252 ||   478
       Morningstar       |       |       |   175 ||   175
Invok: Heroism           |       |       |     2 ||     2
  Use: Potion            |       |     2 |     1 ||     3
       Scroll            |       |       |     7 ||     7
Armor: Scale mail        |    47 |       |       ||    47
       Chain mail        |    26 |    71 |   262 ||   359
       Plate armour      |       |       |   111 ||   111
Dodge: Dodged            |    48 |    36 |   180 ||   264
Block: Buckler           |    35 |    58 |   256 ||   349
       Reflection        |     3 |       |     4 ||     7
